 Dungeon Sprint DCSS version 0.23.0 (webtiles) character file.

Game seed: 13087519241227460457

3043 Groucho the Martial Artist (level 9, -6/75 HPs)
             Began as a Gnoll Transmuter on Feb 14, 2019.
             Was a High Priest of Cheibriados.
             Mangled by a six-headed hydra (8 damage)
             ... in the Dungeon (Sprint IX: "|||||||||||||||||||||||||||||").
             The game lasted 00:07:23 (1673 turns).

Groucho the Martial Artist (Gnoll Transmuter)       Turns: 1673, Time: 00:07:24

Health: -6/75      AC:  4    Str: 25    XL:     9   Next: 86%
Magic:  10/22      EV: 23    Int: 33    God:    Cheibriados [*****.]
Gold:   30         SH:  0    Dex: 31    Spells: 12/27 levels left

rFire    . . .     SeeInvis .     - Unarmed
rCold    . . .     Gourm    .   (shield currently unavailable)
rNeg     . . .     Faith    .   b - +0 robe
rPois    .         Spirit   .   (no helmet)
rElec    .         Reflect  .   (no cloak)
rCorr    .         Harm     .   (gloves currently unavailable)
MR       .....     NoTele   +   r - +0 pair of boots
Stlth    +++++.....             (no amulet)
HPRegen  0.22/turn              u - +3 ring of intelligence
MPRegen  0.18/turn              v - +3 ring of dexterity

@: blade hands, very slow
A: distributed training, fangs 1, strong nose
a: End Transformation, Bend Time, Temporal Distortion, Slouch, Step From Time,
Renounce Religion


You were in the Dungeon.
You worshipped Cheibriados.
Cheibriados was extremely pleased with you.
You were hungry.
You had blades for hands.
You visited 1 branch You collected 30 gold pieces.

Inventory:

Hand Weapons
 m - a +2 dire flail of crushing
 n - a +2 halberd of venom
 o - the +4 quarterstaff of Zuzxid {vamp, rElec rPois MP-9 Str+5}
   (You found it in the Dungeon)

   It inflicts no extra harm, but heals its wielder when it wounds a living foe.
   It affects your strength (+5).
   It insulates you from electricity.
   It protects you from poison.
   It affects your magic capacity (-9).
 p - a +2 scimitar of holy wrath
 q - a +3 war axe of freezing
Missiles
 a - 78 arrows
Armour
 b - a +0 robe (worn)
 r - a +0 pair of boots (worn)
 t - a +1 chain mail
Jewellery
 u - a +3 ring of intelligence (left scythe-like blade)
 v - a +3 ring of dexterity (right scythe-like blade)
Wands
 l - a wand of acid (8)
Scrolls
 e - 2 scrolls of enchant armour
 i - 3 scrolls of remove curse
 j - 3 scrolls of blinking
 k - 2 scrolls of amnesia
 s - 2 scrolls of fear
 w - 2 scrolls of enchant weapon
Potions
 c - 4 potions of heal wounds
 f - 3 potions of curing
 g - a potion of haste
 h - 4 potions of magic
Comestibles
 d - a ration


   Skills:
 + Level 8.5 Fighting
 + Level 8.0 Short Blades
 + Level 8.0 Long Blades
 + Level 8.0 Axes
 + Level 8.0 Maces & Flails
 + Level 8.0 Polearms
 + Level 8.0 Staves
 + Level 8.0 Slings
 + Level 8.0 Bows
 + Level 8.0 Crossbows
 + Level 8.0 Throwing
 + Level 8.0 Armour
 + Level 9.3 Dodging
 + Level 8.0 Stealth
 + Level 8.0 Shields
 + Level 10.3 Unarmed Combat
 + Level 9.5 Spellcasting
 + Level 6.7 Conjurations
 + Level 6.7 Hexes
 + Level 6.7 Charms
 + Level 6.7 Summonings
 + Level 6.7 Necromancy
 + Level 6.7 Translocations
 + Level 7.8 Transmutations
 + Level 6.7 Fire Magic
 + Level 6.7 Ice Magic
 + Level 6.7 Air Magic
 + Level 6.7 Earth Magic
 + Level 6.7 Poison Magic
 + Level 8.8 Invocations
 + Level 8.0 Evocations


You had 12 spell levels left.
You knew the following spells:

 Your Spells              Type           Power        Failure   Level  Hunger
a - Beastly Appendage     Tmut           ######       8%          1    None
b - Sticks to Snakes      Tmut           ######..     9%          2    None
c - Spider Form           Tmut/Pois      ######....   12%         3    None
d - Ice Form              Ice/Tmut       ######..     19%         4    None
e - Blade Hands           Tmut           ######....   26%         5    ###....

Your spell library contained the following spells:

 Spells                   Type           Power        Failure   Level  Hunger


Dungeon Overview and Level Annotations

Branches:
Dungeon (1/1)

Altars:
Cheibriados
Dithmenos
Elyvilon
Fedhas
Gozag
Hepliaklqana
Kikubaaqudgha
Makhleb
Nemelex Xobeh
Okawaru
Qazlal
Ru
Sif Muna
Trog
Uskayaw
Vehumet
Wu Jian
Xom
Yredelemnul
Zin
The Shining One
Beogh
Jiyva
Lugonu


Innate Abilities, Weirdness & Mutations

Your experience applies equally to all skills.
You have very sharp teeth.
Your uncanny sense of smell can sniff out nearby items.


Message History

You feel somewhat more hungry.
Cheibriados lowers the support of your attributes as your movement quickens.
The six-headed hydra barely misses you.
The six-headed hydra closely misses you.
The six-headed hydra bites you! The six-headed hydra bites you.
The six-headed hydra bites you!
The six-headed hydra closely misses you.
Unknown command.
You can feel time thicken for a moment.
You kill the basilisk!
Cheibriados thoroughly appreciates the change of pace.
Cheibriados raises the support of your attributes as your movement slows.
You feel somewhat more hungry.
Cheibriados lowers the support of your attributes as your movement quickens.
The six-headed hydra misses you. The six-headed hydra bites you!
* * * LOW HITPOINT WARNING * * *
The six-headed hydra bites you!
* * * LOW HITPOINT WARNING * * *
The six-headed hydra bites you!
You die...

▓.▓.▓.▓
▓.▓.▓)▓
∆
▓.▓.▓.▓
∆
▓'▓.▓.▓
∆
▓_▓.▓.▓
∆
▓_▓.▓.▓
∆
▓_▓.▓.▓
∆
▓_▓.▓.▓
∆
▓_▓.▓@▓
∆
▓_▓.▓D▓
∆
▓_▓.▓†▓
∆
▓_▓.▓.▓
∆
▓_▓.▓.▓
∆
▓_▓.▓†▓
∆
▓_▓.▓.▓
▓_▓.▓.▓
∆
▓_▓.▓.▓
∆


You could see a six-headed hydra.

Vanquished Creatures
  A centaur warrior (D)
  A two-headed ogre (D)
  A spiny frog (D)
  A hippogriff (D)
  A basilisk (D)
  A water moccasin (D)
  3 porcupines (D)
  An orc warrior (D)
  An ice beast (D)
  A sky beast (D)
  An eye of draining (D)
  3 centaurs (D)
  2 bullfrogs (D)
  A howler monkey (D)
  A crimson imp (D)
  A quasit (D)
  A hound (D)
  A worker ant (D)
  An orc (D)
  A bat zombie (D)
  2 hobgoblins (D)
  A jackal (D)
  A frilled lizard (D)
  A rat (D)
30 creatures vanquished.

Notes
Turn   | Place    | Note
-------+----------+-------------------------------------------
     0 | D        | Groucho the Gnoll Transmuter began the quest for the Orb.
     0 | D        | Reached XP level 1. HP: 17/17 MP: 6/6
    10 | D        | Reached skill level 5 in Spellcasting
    14 | D        | Reached skill level 1 in Invocations
    22 | D        | Noticed a hound
    22 | D        | Noticed a quasit
    22 | D        | Noticed a sky beast
    22 | D        | Noticed an ice beast
    22 | D        | Noticed a howler monkey
    29 | D        | Killed a hound
    29 | D        | Reached skill level 1 in Short Blades
    29 | D        | Reached skill level 1 in Long Blades
    29 | D        | Reached skill level 1 in Axes
    29 | D        | Reached skill level 1 in Maces & Flails
    29 | D        | Reached skill level 1 in Polearms
    29 | D        | Reached skill level 1 in Staves
    29 | D        | Reached skill level 1 in Slings
    29 | D        | Reached skill level 1 in Bows
    29 | D        | Reached skill level 1 in Crossbows
    29 | D        | Reached skill level 1 in Throwing
    29 | D        | Reached skill level 1 in Armour
    29 | D        | Reached skill level 5 in Dodging
    29 | D        | Reached skill level 1 in Stealth
    29 | D        | Reached skill level 1 in Shields
    29 | D        | Reached skill level 1 in Conjurations
    29 | D        | Reached skill level 1 in Hexes
    29 | D        | Reached skill level 1 in Charms
    29 | D        | Reached skill level 1 in Summonings
    29 | D        | Reached skill level 1 in Necromancy
    29 | D        | Reached skill level 1 in Translocations
    29 | D        | Reached skill level 1 in Fire Magic
    29 | D        | Reached skill level 1 in Ice Magic
    29 | D        | Reached skill level 1 in Air Magic
    29 | D        | Reached skill level 1 in Earth Magic
    29 | D        | Reached skill level 1 in Poison Magic
    29 | D        | Reached skill level 1 in Evocations
    29 | D        | Reached XP level 2. HP: 24/24 MP: 6/8
    29 | D        | Reached XP level 3. HP: 29/29 MP: 6/9
    33 | D        | Reached skill level 7 in Unarmed Combat
    33 | D        | Reached XP level 4. HP: 36/36 MP: 6/11
    38 | D        | Killed a sky beast
    38 | D        | Reached XP level 5. HP: 26/43 MP: 7/13
    46 | D        | Killed an ice beast
    46 | D        | Reached skill level 5 in Transmutations
    46 | D        | Reached XP level 6. HP: 10/50 MP: 7/15
    50 | D        | Reached skill level 5 in Fighting
    54 | D        | Found a roughly hewn altar of Beogh.
    54 | D        | Found a snail-covered altar of Cheibriados.
    54 | D        | Found a shadowy altar of Dithmenos.
    54 | D        | Found a white marble altar of Elyvilon.
    54 | D        | Found a blossoming altar of Fedhas.
    54 | D        | Found an opulent altar of Gozag.
    55 | D        | Found a hazy altar of Hepliaklqana.
    56 | D        | Found a viscous altar of Jiyva.
    57 | D        | Found an ancient bone altar of Kikubaaqudgha.
    58 | D        | Became a worshipper of Cheibriados the Contemplative
   488 | D        | Found a corrupted altar of Lugonu.
   489 | D        | Found a burning altar of Makhleb.
   490 | D        | Found a sparkling altar of Nemelex Xobeh.
   491 | D        | Found an iron altar of Okawaru.
   492 | D        | Found a stormy altar of Qazlal.
   493 | D        | Found a sacrificial altar of Ru.
   494 | D        | Found a deep blue altar of Sif Muna.
   495 | D        | Found a bloodstained altar of Trog.
   496 | D        | Found a hide-covered altar of Uskayaw.
   497 | D        | Found a radiant altar of Vehumet.
   498 | D        | Found an ornate altar of the Wu Jian Council.
   499 | D        | Found a shimmering altar of Xom.
   500 | D        | Found a basalt altar of Yredelemnul.
   501 | D        | Found a glowing silver altar of Zin.
   502 | D        | Found a glowing golden altar of the Shining One.
   519 | D        | Got the +4 quarterstaff of Zuzxid {vamp, rElec rPois MP-9
                  | Str+5}
   566 | D        | Noticed a hippogriff
   566 | D        | Noticed an eye of draining
   566 | D        | Noticed a two-headed ogre
   571 | D        | Reached skill level 8 in Unarmed Combat
   571 | D        | Reached skill level 5 in Invocations
   573 | D        | Killed a hippogriff
   578 | D        | Reached * piety under Cheibriados
   578 | D        | Reached skill level 5 in Short Blades
   578 | D        | Reached skill level 5 in Long Blades
   578 | D        | Reached skill level 5 in Axes
   578 | D        | Reached skill level 5 in Maces & Flails
   578 | D        | Reached skill level 5 in Polearms
   578 | D        | Reached skill level 5 in Staves
   578 | D        | Reached skill level 5 in Slings
   578 | D        | Reached skill level 5 in Bows
   578 | D        | Reached skill level 5 in Crossbows
   578 | D        | Reached skill level 5 in Throwing
   578 | D        | Reached skill level 5 in Armour
   578 | D        | Reached skill level 5 in Stealth
   578 | D        | Reached skill level 5 in Shields
   578 | D        | Reached skill level 5 in Evocations
   578 | D        | Reached XP level 7. HP: 45/57 MP: 8/17
   596 | D        | Killed a two-headed ogre
   596 | D        | Reached skill level 9 in Unarmed Combat
   596 | D        | Reached skill level 5 in Conjurations
   596 | D        | Reached skill level 5 in Hexes
   596 | D        | Reached skill level 5 in Charms
   596 | D        | Reached skill level 5 in Summonings
   596 | D        | Reached skill level 5 in Necromancy
   596 | D        | Reached skill level 5 in Translocations
   596 | D        | Reached skill level 5 in Fire Magic
   596 | D        | Reached skill level 5 in Ice Magic
   596 | D        | Reached skill level 5 in Air Magic
   596 | D        | Reached skill level 5 in Earth Magic
   596 | D        | Reached skill level 5 in Poison Magic
   596 | D        | Reached XP level 8. HP: 10/67 MP: 2/20
   597 | D        | Reached ** piety under Cheibriados
  1069 | D        | Noticed a centaur warrior
  1082 | D        | Killed a centaur warrior
  1082 | D        | Reached XP level 9. HP: 28/72 MP: 21/21
  1088 | D        | Reached *** piety under Cheibriados
  1100 | D        | Reached **** piety under Cheibriados
  1523 | D        | Learned a level 2 spell: Sticks to Snakes
  1527 | D        | Learned a level 3 spell: Spider Form
  1532 | D        | Learned a level 4 spell: Ice Form
  1538 | D        | Learned a level 5 spell: Blade Hands
  1657 | D        | Noticed a spiny frog
  1657 | D        | Noticed a six-headed hydra
  1663 | D        | Reached skill level 10 in Unarmed Combat
  1667 | D        | Killed a spiny frog
  1667 | D        | Reached ***** piety under Cheibriados
  1673 | D        | HP: 2/75 [six-headed hydra (14)]
  1673 | D        | Mangled by a six-headed hydra

Skill      XL: |  1  2  3  4  5  6  7  8  9 |
---------------+----------------------------+-----
Spellcasting   | 5 6 7 8 9 |  9.5
Invocations    | 2 3 4 5 7 8 |  8.8
Fighting       | 3 4 5 7 8 |  8.5
Short Blades   | 1 2 3 4 5 6 7 8 |  8.0
Long Blades    | 1 2 3 4 5 6 7 8 |  8.0
Axes           | 1 2 3 4 5 6 7 8 |  8.0
Maces & Flails | 1 2 3 4 5 6 7 8 |  8.0
Polearms       | 1 2 3 4 5 6 7 8 |  8.0
Staves         | 1 2 3 4 5 6 7 8 |  8.0
Slings         | 1 2 3 4 5 6 7 8 |  8.0
Bows           | 1 2 3 4 5 6 7 8 |  8.0
Crossbows      | 1 2 3 4 5 6 7 8 |  8.0
Throwing       | 1 2 3 4 5 6 7 8 |  8.0
Armour         | 1 2 3 4 5 6 7 8 |  8.0
Dodging        | 5 6 8 9 |  9.3
Stealth        | 1 2 3 4 5 6 7 8 |  8.0
Shields        | 1 2 3 4 5 6 7 8 |  8.0
Conjurations   | 1 2 3 4 5 6 |  6.7
Hexes          | 1 2 3 4 5 6 |  6.7
Charms         | 1 2 3 4 5 6 |  6.7
Summonings     | 1 2 3 4 5 6 |  6.7
Necromancy     | 1 2 3 4 5 6 |  6.7
Translocations | 1 2 3 4 5 6 |  6.7
Transmutations | 4 5 6 7 |  7.8
Fire Magic     | 1 2 3 4 5 6 |  6.7
Ice Magic      | 1 2 3 4 5 6 |  6.7
Air Magic      | 1 2 3 4 5 6 |  6.7
Earth Magic    | 1 2 3 4 5 6 |  6.7
Poison Magic   | 1 2 3 4 5 6 |  6.7
Evocations     | 1 2 3 4 5 6 7 8 |  8.0
Unarmed Combat | 7 8 9 10 | 10.3

Action                   |  1- 3 |  4- 6 |  7- 9 || total
-------------------------+-------+-------+-------++-------
Melee: Unarmed           |    18 |    23 |    50 ||    91
       Headbutt          |     4 |     8 |     4 ||    16
       Bite              |     3 |     4 |    13 ||    20
       Punch             |       |     1 |     4 ||     5
 Cast: Beastly Appendage |     2 |     1 |       ||     3
       Blade Hands       |       |       |     1 ||     1
Invok: Slouch            |       |       |     3 ||     3
Evoke: Wand              |       |       |     2 ||     2
  Use: Potion            |     2 |     2 |     7 ||    11
 Stab: Invisible         |       |     2 |     2 ||     4
       Sleeping          |       |       |     1 ||     1
Armor: Robe              |     1 |     1 |     1 ||     3
       Chain mail        |       |     4 |     8 ||    12
Dodge: Dodged            |    14 |    12 |    36 ||    62
